AoeStats
← Baron Morg Von Wigard

Arena

513002790Analyzed
4v4 RM · 6d ago on Oct 11, 2026· 41m 44s· 8 players
Game mode
Random Map
Map size
Large (8 player)
Population
200
Speed
Normal
Resources
Standard
Victory
Conquest
Starting age
Dark Age
Ending age
Imperial Age
RankedLock teamsTeams togetherTeam positionsShared explorationLock speedFull tech treeHidden civsTurbo modeCheats
Victory
Defeat
🇹🇷 Khmer · Türkiye
1467
+11
🇹🇷 Mongols · Türkiye
1436
+12
🇫🇷 Britons · France
1406
+13
🇹🇷 Persians · Türkiye
1377
+14
vs
1421
-16
🇨🇱 Spanish · Chile
1393
-14
🇧🇪 Burmese · Belgium
1301
-11
🇧🇪 Byzantines · Belgium
1260
-9
chapolong
5:28 Loom
10:03 Feudal Age
13:56 Castle Age
12:15 Double-Bit Axe
13:19 Horse Collar
14:50 Wheelbarrow
15:11 Bow Saw
15:08 Heavy Plow
20:27 Loom
20:54 Bow Saw
21:01 Fletching
27:27 Gold Mining
27:27 Stone Mining
31:37 Imperial Age
29:50 Bodkin Arrow
29:52 Crossbowman
32:24 Bracer
31:46 Arbalester
33:30 Padded Archer Armor
35:39 Chemistry
35:06 Leather Archer Armor
34:14 Pikeman
34:55 Squires
34:40 Arson
37:28 Ballistics
36:46 Halberdier
37:35 Capped Ram
39:15 Forging
39:07 Scale Mail Armor
Ramci
10:45 Feudal Age
14:30 Castle Age
12:36 Double-Bit Axe
13:19 Horse Collar
15:20 Bow Saw
16:52 Wheelbarrow
19:21 Loom
28:54 Imperial Age
27:31 Hand Cart
27:30 Gold Mining
27:31 Stone Mining
28:05 Forging
28:37 Husbandry
28:45 Scale Barding Armor
29:27 Iron Casting
28:50 Elite War Elephant
30:23 Chain Barding Armor
31:00 Bloodlines
32:02 Blast Furnace
33:09 Stone Shaft Mining
34:12 Heavy Plow
35:12 Two-Man Saw
34:00 Town Watch
36:03 Plate Barding Armor
37:54 Fletching
39:57 Gold Shaft Mining
41:09 Bodkin Arrow
41:46 Town Patrol
BLACK EAGLE
11:03 Feudal Age
14:26 Castle Age
12:16 Horse Collar
12:23 Double-Bit Axe
16:09 Bow Saw
16:16 Heavy Plow
20:56 Wheelbarrow
23:44 Gold Mining
24:12 Hand Cart
23:43 Loom
23:44 Town Watch
25:12 Loom
25:13 Town Watch
26:02 Scale Barding Armor
26:08 Forging
26:36 Gold Shaft Mining
27:29 Bloodlines
27:19 Husbandry
27:27 Town Watch
31:43 Imperial Age
29:43 Tusk Swords
30:07 Chain Barding Armor
30:29 Iron Casting
32:28 Elite Battle Elephant
33:47 Crop Rotation
33:54 Plate Barding Armor
34:20 Blast Furnace
33:36 Town Patrol
39:13 Heavy Scorpion
42:16 Coinage
livulove
7:19 Feudal Age
7:44 Double-Bit Axe
7:41 Horse Collar
14:28 Castle Age
15:21 Bow Saw
23:02 Fletching
24:22 Wheelbarrow
25:00 Bodkin Arrow
25:29 Padded Archer Armor
26:26 Hand Cart
29:57 Imperial Age
28:10 Leather Archer Armor
28:04 Gold Mining
28:06 Stone Mining
28:10 Loom
28:11 Town Watch
28:34 Heavy Plow
29:25 Ballistics
30:47 Town Patrol
30:50 Bracer
31:52 Chemistry
31:13 Conscription
31:39 Husbandry
31:50 Bloodlines
31:47 Thumb Ring
32:15 Parthian Tactics
35:20 Elite Mangudai
38:42 Coinage
38:47 Siege Engineers
38:53 Masonry
LanaAio
10:43 Feudal Age
14:22 Castle Age
12:09 Horse Collar
16:27 Wheelbarrow
21:06 Heavy Plow
22:28 Loom
23:04 Hand Cart
25:53 Scale Barding Armor
28:50 Imperial Age
26:34 Bloodlines
26:25 Husbandry
26:36 Forging
27:05 Gold Mining
28:01 Chain Barding Armor
28:17 Iron Casting
28:50 Sanctity
29:46 Gold Shaft Mining
29:34 Fervor
30:13 Plate Barding Armor
30:24 Howdah
30:19 Fletching
31:09 Devotion
31:02 Light Cavalry
36:46 Blast Furnace
37:13 Pikeman
37:54 Squires
37:55 Scale Mail Armor
38:18 Halberdier
40:07 Faith
40:02 Block Printing
40:06 Elite Battle Elephant
Canderous Ordo
10:09 Feudal Age
11:33 Double-Bit Axe
11:38 Loom
13:32 Horse Collar
15:56 Castle Age
13:43 Horse Collar
15:54 Fletching
17:13 Heavy Plow
18:25 Pikeman
19:05 Squires
21:08 Bow Saw
22:14 Gold Mining
27:05 Imperial Age
25:13 Wheelbarrow
24:58 Bodkin Arrow
25:03 Elite Skirmisher
25:47 Stone Mining
27:12 Padded Archer Armor
28:10 Bracer
29:23 Chemistry
29:40 Leather Archer Armor
30:48 Ballistics
32:26 Treadmill Crane
33:02 Thumb Ring
33:33 Conscription
33:53 Murder Holes
34:43 Squires
36:25 Scale Mail Armor
36:36 Forging
37:34 Chain Mail Armor
38:39 Hand Cart
[KKCK] The Geo
11:24 Feudal Age
17:37 Castle Age
16:05 Horse Collar
17:10 Double-Bit Axe
22:16 Wheelbarrow
22:36 Padded Archer Armor
27:56 Fletching
28:28 Leather Archer Armor
27:37 Elite Skirmisher
29:20 Ballistics
29:30 Town Watch
29:46 Bodkin Arrow
30:20 Loom
30:55 Gold Mining
32:15 Sanctity
32:06 Fervor
32:25 Stone Mining
35:12 Imperial Age
32:50 Stone Mining
33:11 Heavy Plow
35:58 Bracer
36:06 Thumb Ring
36:24 Conscription
37:11 Chemistry
37:35 Bracer
38:04 Inquisition
38:45 Ring Archer Armor
39:01 Masonry
40:20 Theocracy
40:12 Illumination
41:56 Forging
Baron Morg Von Wigard
10:35 Feudal Age
10:26 Double-Bit Axe
10:24 Horse Collar
14:24 Castle Age
13:17 Bow Saw
13:48 Heavy Plow
17:21 Wheelbarrow
17:06 Loom
22:56 Gold Mining
27:53 Imperial Age
25:29 Squires
25:40 Scale Mail Armor
26:18 Hand Cart
28:01 Chain Mail Armor
27:46 Arson
28:32 Forging
29:53 Plate Mail Armor
30:01 Pikeman
30:07 Capped Ram
31:10 Halberdier
36:22 Conscription
36:39 Iron Casting
39:12 Fletching
40:14 Light Cavalry
40:17 Cavalier
41:15 Fortified Wall
41:17 Masonry
Connection lost

Rejoining the realm…

Still unreachable

The connection could not be restored.

Session expired

The server has moved on; the page needs a fresh start.